 Dungeon Crawl Stone Soup version 0.29-a0-451-gfbfa42419e (webtiles) character file.

Game seed: 18073207160946417138

13940 zeratav the Geomancer (level 12, -4/82 HPs)
             Began as an Octopode Earth Elementalist on May 19, 2022.
             Was an Initiate of Gozag.
             Slain by a polar bear (13 damage)
             ... on level 1 of the Lair of Beasts.
             The game lasted 00:48:11 (22346 turns).

zeratav the Geomancer (OpEE)                       Turns: 22346, Time: 00:48:12

Health: -4/82      AC:  2    Str:  8    XL:     12   Next: 11%
Magic:  8/24       EV: 19    Int: 28    God:    Gozag
Gold:   48         SH:  3    Dex: 12    Spells: 20/27 levels left

rFire   . . .      SeeInvis .   F - +2 demon whip (venom) {mace}
rCold   . . .      Faith    .   v - +0 buckler
rNeg    . . .      Spirit   .   D - +1 hat
rPois   .          Reflect  .   (no amulet)
rElec   .          Harm     .   c - +6 ring of intelligence
rCorr   .          Rampage  .   A - +4 ring of evasion
Will    .....                   J - +4 ring of slaying
Stlth   +++.......              (no ring)
HPRegen 0.23/turn               (no ring)
MPRegen 0.19/turn               (no ring)
                                (no ring)
                                (no ring)

@: gold aura, slowed, very slow
A: almost no armour, amphibious, 8 rings, camouflage 1, gelatinous body 1,
(nimble swimmer 1), tentacles
a: Renounce Religion, Potion Petition, Call Merchant, Bribe Branch


You were on level 1 of the Lair of Beasts.
You worshipped Gozag.
Gozag was noncommittal.
You visited 3 branches of the dungeon, and saw 13 of its levels.

You collected 1785 gold pieces.
You spent 64 gold pieces at shops.
You paid 1673 gold pieces to Gozag.


Innate Abilities, Weirdness & Mutations

You cannot wear most types of armour.
You are amphibious.
You can wear up to eight rings at the same time.
Your skin changes colour to match your surroundings (Stealth+).
Your rubbery body absorbs attacks. (AC +1, EV +1)
((You are camouflaged when in or above water. (Stealth+)))
You have tentacles for arms and can constrict up to eight enemies at once.


   Skills:
 - Level 8.0 Fighting
 + Level 7.9 Dodging
 - Level 2.6 Stealth
 - Level 8.2 Spellcasting
 - Level 1.0 Transmutations
 - Level 5.0 Air Magic
 - Level 12.6 Earth Magic


You had 20 spell levels left.
You knew the following spells:

 Your Spells              Type           Power      Damage    Failure   Level
a - Sandblast             Erth           100%       2d20      1%          1
b - Stone Arrow           Conj/Erth      92%        3d12      1%          3
c - Swiftness             Air            39%        N/A       2%          3

Your spell library contained the following spells:

 Spells                   Type           Power      Damage    Failure   Level
 Passwall                 Tmut/Erth      40%        N/A       1%          2
 Petrify                  Tmut/Erth      49%        N/A       4%          4
 Ensorcelled Hibernation  Hex/Ice        22%        N/A       10%         2
 Gell's Gravitas          Tloc           11%        N/A       21%         3
 Teleport Other           Tloc           11%        N/A       21%         3
 Dispersal                Tloc           5%         N/A       100%        6

Inventory:

Hand Weapons
 F - a +2 demon whip of venom (weapon) {mace}
   (You took it off Amaemon on level 9 of the Dungeon)
Missiles
 a - 7 stones {throwing}
Armour
 v - a +0 buckler (worn)
   (You took it off an orc on level 5 of the Dungeon)
 C - a +0 kite shield
   (You found it on level 7 of the Dungeon)
 D - a +1 hat (worn)
   (You found it on level 8 of the Dungeon)
Jewellery
 c - a +6 ring of intelligence (left tentacle)
   (You found it on level 1 of the Dungeon)
 A - a +4 ring of evasion (right tentacle)
   (You found it on level 6 of the Dungeon)
 B - an amulet of faith {!P}
   (You took it off an orc on level 6 of the Dungeon)
 J - a +4 ring of slaying (on tentacle)
   (You found it on level 1 of the Lair of Beasts)
Wands
 h - a wand of polymorph (5)
   (You found it on level 9 of the Dungeon)
 o - a wand of iceblast (28)
   (You took it off a kobold brigand on level 8 of the Dungeon)
 s - a wand of acid (8)
   (You took it off Joseph on level 8 of the Dungeon)
 H - a wand of paralysis (6)
   (You took it off Maurice on level 10 of the Dungeon)
 I - a wand of mindburst (5)
   (You found it on level 1 of the Lair of Beasts)
Scrolls
 e - a scroll of poison {!r}
 f - 10 scrolls of teleportation {@r4}
 i - a scroll of silence {!r}
 k - 2 scrolls of enchant armour
 l - a scroll of fear
 m - 3 scrolls of brand weapon
 p - 3 scrolls of vulnerability {!r!r}
 r - a scroll of amnesia
 t - a scroll of blinking {!r}
 y - 3 scrolls of identify {@r1}
 z - 3 scrolls of immolation {!r!r}
Potions
 b - 2 potions of magic
 d - 2 potions of mutation {!q}
 g - a potion of invisibility
 j - a potion of curing {@q1}
 n - 2 potions of flight {unknown}
 q - a potion of might
 u - 2 potions of brilliance
 w - 4 potions of lignification {!q}
 x - 5 potions of heal wounds {unknown}
 G - a potion of attraction {unknown}
Miscellaneous
 E - a condenser vane (inert)
   (You found it on level 9 of the Dungeon)

Dungeon Overview and Level Annotations

Branches:
Dungeon (11/15)            Temple (1/1) D:6            Lair (1/6) D:11
    Orc (0/2) D:10

Altars:
Ashenzari
Cheibriados
Dithmenos
Elyvilon
Fedhas
Gozag
Hepliaklqana
Kikubaaqudgha
Makhleb
Nemelex Xobeh
Okawaru
Qazlal
Ru
Sif Muna
Trog
Uskayaw
Vehumet
Wu Jian
Xom
Yredelemnul
Zin
The Shining One

Shops:
D:5 *   D:7 !(   D:9 (   Lair:1 *

Annotations:
D:3 1 runed translucent door, Sekkong's ghost, amateur MiFi
D:9 1 runed translucent door, thiscave3701365's ghost, journeyman MiBe

###....#.##...####...≈.........
#....#####..# ######.......#
#.... #...### ####.......# #...
##..#.####.##.......#
#...................
#..................#
#...................
#####.Z.................
.....kS@................
.....4Whk...............
≈≈≈≈≈≈##Z.##########P#P#
≈≈≈≈≈≈≈≈### ##### ≈≈≈≈≈≈≈≈≈≈≈≈#
.≈.≈≈≈$≈≈Z≈≈≈≈≈ ...h.h..≈≈≈≈≈≈≈
........≈≈.≈≈≈≈ $$
($8........≈..≈


You could see a polar bear, an ice devil, a freezing wraith, 2 rime drakes, a
water moccasin, a wolf, a spriggan simulacrum and a troll simulacrum.


Message History

You start resting.
MP[+16]
Your mp is fully restored (24).
You start waiting.
Done waiting.
You now have 48 gold pieces (gained 7).
A spriggan simulacrum and a polar bear come into view.
A wolf comes into view.
The polar bear growls angrily.
The wolf howls!
You hear an angry hiss. x2
You hear a bellow! x2
A freezing wraith and a rime drake come into view.
Casting: Stone Arrow (safe; 1% risk of failure)
Confirm with . or Enter, or press ? or * to list all spells.
Aiming: Stone Arrow (safe; 1% risk of failure)
Press: ? - help, Shift-Dir - straight line, f - wolf simulacrum
Aim: a wolf simulacrum (76% to hit)
The stone arrow hits the wolf simulacrum!!
The wolf is distracted by your dazzling golden aura.
An ice devil comes into view.
MP[-3]
You lost 3 mp, and now have 21/24 mp.
The rime drake breathes ice at you. The flash freeze hits you!!
You are encased in ice.
HP[-19]
You take 19 damage, and now have 63/82 hp.
MASSIVE DAMAGE!! (PAUSE)
A water moccasin comes into view.
The water moccasin is distracted by your dazzling golden aura.
HP[+1]
Casting: Stone Arrow (safe; 1% risk of failure)
Confirm with . or Enter, or press ? or * to list all spells.
Aiming: Stone Arrow (safe; 1% risk of failure)
Press: ? - help, Shift-Dir - straight line, f - troll simulacrum
Aim: a troll simulacrum (92% to hit)
The stone arrow hits the troll simulacrum!
The water moccasin hisses angrily.
MP[-2]
You lost 2 mp, and now have 19/24 mp.
The water moccasin is no longer distracted by gold.
A rime drake comes into view.
Casting: Stone Arrow (safe; 1% risk of failure)
Confirm with . or Enter, or press ? or * to list all spells.
Aiming: Stone Arrow (safe; 1% risk of failure)
Press: ? - help, Shift-Dir - straight line, f - freezing wraith
Aim: a freezing wraith (76% to hit)
The stone arrow hits the freezing wraith!
The ice encasing you melts away. You block the freezing wraith's attack.
The freezing wraith closely misses you.
HP[+1] MP[-3]
You lost 3 mp, and now have 16/24 mp.
Casting: Stone Arrow (safe; 1% risk of failure)
Confirm with . or Enter, or press ? or * to list all spells.
Aiming: Stone Arrow (safe; 1% risk of failure)
Press: ? - help, Shift-Dir - straight line, f/p - freezing wraith
Aim: a freezing wraith (lightly damaged, 76% to hit)
The stone arrow hits the freezing wraith!!
The polar bear closely misses you. x2; The polar bear misses you.
The freezing wraith closely misses you. The freezing wraith hits you.
The freezing wraith drains your vigour!
You feel yourself slow down.
HP[-6] MP[-3]
You take 6 damage, and now have 59/82 hp.
You lost 3 mp, and now have 13/24 mp.
Casting: Stone Arrow (safe; 1% risk of failure)
Confirm with . or Enter, or press ? or * to list all spells.
Aiming: Stone Arrow (safe; 1% risk of failure)
Press: ? - help, Shift-Dir - straight line, f/p - freezing wraith
Aim: a freezing wraith (heavily damaged, 76% to hit)
The stone arrow misses the freezing wraith.
The stone arrow misses the ice devil.
The wolf is distracted by your dazzling golden aura.
The water moccasin closely misses you. The polar bear barely misses you.
The polar bear claws you. The polar bear barely misses you.
The freezing wraith misses you. The freezing wraith barely misses you.
The water moccasin closely misses you. The freezing wraith hits you!
The freezing wraith freezes you!!
* * * LOW HITPOINT WARNING * * *
The freezing wraith barely misses you. The polar bear bites you!
* * * LOW HITPOINT WARNING * * *
The polar bear claws you but does no damage.
The polar bear claws you.
* * * LOW HITPOINT WARNING * * *
HP[-50] MP[-3]
You take 50 damage, and now have 9/82 hp.
MASSIVE DAMAGE!! (PAUSE)
You lost 3 mp, and now have 10/24 mp.
Casting: Stone Arrow (safe; 1% risk of failure)
Confirm with . or Enter, or press ? or * to list all spells.
Aiming: Stone Arrow (safe; 1% risk of failure)
Press: ? - help, Shift-Dir - straight line, f/p - freezing wraith
Aim: a freezing wraith (heavily damaged, 76% to hit)
The stone arrow hits the freezing wraith!
The wolf howls!
The water moccasin completely misses you.
The rime drake closely misses you.
The spriggan simulacrum closely misses you.
The polar bear bites you!
You die...
Your body crumbles into a pile of gold.

Skill      XL: |  1  2  3  4  5  6  7  8  9 10 11 12 |
---------------+-------------------------------------+-----
Earth Magic    | 4 5 6 7 9 11 12 | 12.6
Spellcasting   | 3 4 6 7 8 |  8.2
Fighting       | 5 8 |  8.0
Air Magic      | 3 5 |  5.0
Dodging        | 6 7 |  7.9
Stealth        | |  2.6
Transmutations | |  1.0

Action                   |  1- 3 |  4- 6 |  7- 9 | 10-12 || total
-------------------------+-------+-------+-------+-------++-------
Melee: Short sword       |    56 |    19 |       |       ||    75
       Constrict         |    14 |    16 |    11 |    24 ||    65
       Tentacles         |    10 |    14 |    15 |    40 ||    79
       Punch             |     1 |       |     2 |     2 ||     5
       Whip              |       |    29 |    39 |    16 ||    84
       Rapier            |       |       |       |    10 ||    10
       Falchion          |       |       |       |     1 ||     1
       Demon whip        |       |       |       |    91 ||    91
 Cast: Sandblast         |    31 |    33 |    62 |    62 ||   188
       Stone Arrow       |       |     3 |    56 |   183 ||   242
Invok: Call Merchant     |       |       |       |     2 ||     2
Evoke: Condenser vane    |       |       |       |     1 ||     1
  Use: Scroll            |       |     6 |     3 |     7 ||    16
       Potion            |       |       |     2 |     5 ||     7
 Stab: Sleeping          |     7 |     5 |     4 |     1 ||    17
Armor: Skin              |     8 |     5 |     3 |    25 ||    41
Dodge: Dodged            |    45 |    38 |    66 |   226 ||   375
Block: Buckler           |       |       |       |    16 ||    16

Levels and vault maps discovered:
D:1:      dpeg_arrival_long_road, layout_loops_ring, minivault_4,
          minmay_strange_pillars, dreamdust_princess_bridge
D:2:      layout_basic, basic_altar, minmay_distorted
D:3:      kennysheep_slugbush, layout_loops_ring, hellmonk_ghost_happy_afterlife
D:4:      nicolae_cairo_tiling_large_dashed, layout_loops_ring, minivault_27
D:5:      layout_loops_ring, serial_shops, kennysheep_mini,
          minmay_increasing_density, uniq_grinder
D:6:      layout_rooms, minmay_temple_entry_statues_pillars, uniq_pikel,
          uniq_sigmund
D:7:      layout_rooms, mainiacjoe_overflow_boulevard, serial_shops, shop,
          nicolae_diamond_shop, minmay_misc_feat_five, nicolae_fountain_basement
D:8:      layout_basic, minmay_misc_feat_roman, nicolae_elevator_lobby_plus,
          uniq_grum, uniq_joseph
D:9:      layout_stronghold, ebering_ghost_xom, uniq_amaemon, uniq_psyche
D:10:     layout_long_grid, zombieorc2_lemuel, hex_medium, kb_rosetta,
          uniq_snorg, uniq_maurice
D:11:     layout_roguey, erik_lair_island, minmay_fractal_squares_gapless_7
Temple:   mainiacjoe_temple_archimedes_tessellation
Lair:1:   dreamdust_isle_of_ice, layout_chaotic_city, grunt_megastairs_5,
          infiniplex_staircase_pool

Notes
Turn   | Place    | Note
-------+----------+-------------------------------------------
     0 | D:1      | zeratav the Octopode Earth Elementalist began the quest for
                  | the Orb.
     0 | D:1      | Reached XP level 1. HP: 11/11 MP: 3/3
     0 | D:1      | magus.rc [v1.9.6]
   440 | D:1      | Reached XP level 2. HP: 17/17 MP: 5/5
  1240 | D:1      | Reached XP level 3. HP: 21/21 MP: 6/6
  2009 | D:2      | Learned a level 3 spell: Stone Arrow
  2111 | D:2      | Reached skill level 4 in Earth Magic
  2267 | D:2      | Found a blossoming altar of Fedhas.
  3212 | D:3      | Reached XP level 4. HP: 23/27 MP: 8/8
  3423 | D:3      | HP: 5/27 [dart slug/slug dart (4)]
  3749 | D:3      | Reached skill level 3 in Spellcasting
  4101 | D:3      | Identified a +2 robe of the Archmagi
  4144 | D:3      | Reached XP level 5. HP: 31/31 MP: 7/9
  4376 | D:3      | Reached skill level 5 in Earth Magic
  4514 | D:3      | You fall into a shaft and drop 3 floors!
  4526 | D:5      | Entered Level 5 of the Dungeon
  4569 | D:4      | Noticed a black bear
  4981 | D:3      | Found a runed translucent door.
  4986 | D:3      | Noticed Sekkong's ghost (amateur MiFi)
  5289 | D:4      | Reached XP level 6. HP: 31/36 MP: 8/11
  5339 | D:4      | Killed a black bear
  5340 | D:4      | Reached skill level 6 in Earth Magic
  5456 | D:4      | Reached skill level 4 in Spellcasting
  5456 | D:4      | Reached XP level 7. HP: 41/41 MP: 7/13
  5803 | D:4      | Reached skill level 7 in Earth Magic
  6907 | D:5      | Reached XP level 8. HP: 38/46 MP: 15/15
  6912 | D:5      | Reached skill level 5 in Spellcasting
  7083 | D:5      | Reached skill level 8 in Earth Magic
  7293 | D:5      | Noticed Grinder
  7305 | D:5      | Paralysed by Grinder for 3 turns
  7435 | D:5      | Killed Grinder
  7590 | D:5      | HP: 11/46 [black bear (7)]
  7863 | D:5      | Found Quogiuxawi's Assorted Antiques.
  7867 | D:5      | Bought a scroll of identify for 52 gold pieces
  7985 | D:6      | Noticed Sigmund
  7988 | D:6      | Reached skill level 9 in Earth Magic
  7992 | D:6      | Killed Sigmund
  7993 | D:6      | Reached skill level 6 in Spellcasting
  7993 | D:6      | Reached XP level 9. HP: 33/51 MP: 0/18
  8598 | D:6      | Found a staircase to the Ecumenical Temple.
  8607 | Temple   | Entered the Ecumenical Temple
  8814 | Temple   | Became a worshipper of Gozag Ym Sagoz the Greedy
  8898 | D:6      | Reached skill level 10 in Earth Magic
  8983 | D:6      | Noticed Pikel
  8990 | D:6      | Killed Pikel
  9380 | D:6      | Reached skill level 7 in Spellcasting
  9658 | D:7      | Reached skill level 11 in Earth Magic
 10042 | D:7      | Found Gymp's Weapon Shop.
 10094 | D:7      | Found Iquemo's Distillery.
 10300 | D:7      | Found a glowing golden altar of the Shining One.
 10469 | D:7      | Reached XP level 10. HP: 56/56 MP: 21/21
 10724 | D:8      | Reached skill level 12 in Earth Magic
 10821 | D:7      | HP: 7/56 [yak (10)]
 11225 | D:8      | Reached skill level 8 in Spellcasting
 11467 | D:8      | HP: 12/56 [orc warrior/+0 hand axe (16)]
 11887 | D:8      | HP: 13/56 [poisoned by a water moccasin]
 11892 | D:8      | HP: 7/56 [poisoned by a water moccasin]
 13127 | D:8      | Reached skill level 1 in Fighting
 13321 | D:8      | Noticed Joseph
 13330 | D:8      | HP: 12/59 [Joseph/+0 quarterstaff (14)]
 13331 | D:8      | Killed Joseph
 13332 | D:8      | Reached skill level 3 in Fighting
 13709 | D:8      | Noticed Grum
 13714 | D:8      | Killed Grum
 13721 | D:8      | Reached skill level 4 in Fighting
 13912 | D:8      | You pick up a book of Burglary and begin reading...
 13912 | D:8      | You add the spells Ensorcelled Hibernation and Swiftness to
                  | your library.
 13981 | D:8      | You add the spells Gell's Gravitas, Teleport Other and
                  | Dispersal to your library.
 14223 | D:9      | Noticed an orange demon
 14224 | D:9      | Noticed Amaemon
 14234 | D:9      | Killed an orange demon
 14235 | D:9      | Reached skill level 1 in Air Magic
 14319 | D:9      | Killed Amaemon
 14320 | D:9      | Reached skill level 5 in Fighting
 14320 | D:9      | Reached skill level 3 in Air Magic
 14320 | D:9      | Reached XP level 11. HP: 67/72 MP: 2/23
 14630 | D:9      | Found a runed translucent door.
 14630 | D:9      | Found a shimmering altar of Xom.
 14630 | D:9      | Noticed a +1 quarterstaff of chaos
 14630 | D:9      | Noticed thiscave3701365's ghost (journeyman MiBe)
 14803 | D:9      | Learned a level 3 spell: Swiftness
 14996 | D:7      | Bought 10 stones for 12 gold pieces
 15072 | D:10     | Entered Level 10 of the Dungeon
 15075 | D:9      | Noticed Psyche
 15079 | D:9      | Killed Psyche
 15080 | D:9      | Reached skill level 6 in Fighting
 15080 | D:9      | Reached skill level 4 in Air Magic
 16319 | D:10     | Noticed Maurice
 16328 | D:10     | Killed Maurice
 16812 | D:10     | Found a staircase to the Orcish Mines.
 17100 | D:10     | Reached skill level 5 in Air Magic
 17813 | D:10     | Reached skill level 7 in Fighting
 18033 | D:10     | Noticed an orc knight
 18045 | D:10     | Noticed a manticore
 18055 | D:10     | Killed a manticore
 18287 | D:10     | Noticed a cyclops
 18299 | D:10     | Noticed a wizard
 18303 | D:10     | Killed a wizard
 18784 | D:10     | Noticed Snorg
 18862 | D:10     | Reached skill level 8 in Fighting
 19066 | D:10     | Killed Snorg
 19067 | D:10     | Reached skill level 3 in Dodging
 19275 | D:10     | Reached skill level 4 in Dodging
 19949 | D:10     | Noticed a two-headed ogre
 19962 | D:10     | Killed a two-headed ogre
 19963 | D:10     | Reached skill level 5 in Dodging
 20618 | D:11     | Found a staircase to the Lair.
 20618 | D:11     | HP: 15/77 [electric eel/bolt of electricity (7)]
 20621 | Lair:1   | Entered Level 1 of the Lair of Beasts
 20992 | Lair:1   | Reached skill level 6 in Dodging
 21207 | Lair:1   | Identified the +1 ring mail "Uvipnou" {-Tele rElec Will+
                  | Slay+2}
 21282 | Lair:1   | Reached XP level 12. HP: 82/82 MP: 11/24
 21469 | Lair:1   | Reached skill level 7 in Dodging
 21699 | Lair:1   | HP: 19/82 [poisoned by a cane toad]
 21704 | Lair:1   | HP: 9/82 [poisoned by a cane toad]
 21709 | Lair:1   | HP: 6/82 [poisoned by a cane toad]
 22345 | Lair:1   | HP: 20/82 [freezing wraith (23)]
 22345 | Lair:1   | HP: 9/82 [polar bear (1)]
 22346 | Lair:1   | Slain by a polar bear

Vanquished Creatures
  Snorg (D:10)
  A two-headed ogre (D:10)
  Amaemon (D:9)
  A wizard (D:10)
  Pikel (D:6)
  A manticore (D:10)
  Maurice (D:10)
  Joseph (D:8)
  An orange demon (D:9)
  Psyche (D:9)
  5 cane toads (Lair:1)
  Grinder (D:5)
  A blink frog (Lair:1)
  Sigmund (D:6)
  A shadow (D:10)
  A vampire (D:10)
  7 yaks
  3 wraiths
  Grum (D:8)
  An acid dragon (D:9)
  4 water moccasins
  5 orc warriors
  3 sky beasts (D:7)
  3 black bears
  An ogre (D:5)
  6 wolves
  3 centaurs
  A phantom (D:4)
  A kobold brigand (D:8)
  9 bullfrogs
  6 scorpions
  7 wights
  4 troll zombies (D:10)
  10 killer bees
  4 howler monkeys
  A gnoll shaman (D:6)
  2 hounds
  5 iguanas
  6 orc priests
  6 jellies
  5 orc wizards
  A troll simulacrum (Lair:1)
  A wolf simulacrum (Lair:1)
  4 ogre zombies (D:10)
  13 gnolls
  6 adders
  A shadow imp (D:5)
  A white imp (D:5)
  An ufetubus (D:7)
  3 worms
  13 dart slugs
  36 orcs
  10 ball pythons
  5 endoplasms
  3 giant cockroaches
  7 hobgoblins
  10 jackals
  4 quokkas
  4 bats
  2 frilled lizards
  5 goblins
  2 goblin zombies (D:10)
  A hobgoblin skeleton (D:10)
  2 hobgoblin zombies (D:10)
  12 kobolds
  3 orc skeletons (D:10)
  17 orc zombies (D:10)
  4 rats
295 creatures vanquished.

Vanquished Creatures (others)
  A hound (D:11)
  A plant (Lair:1)
2 creatures vanquished.

Grand Total: 297 creatures vanquished

Table legend:
 A = Non-vault XP
 B = Vault XP
 C = Vault XP percentage of total XP
 D = Non-vault monster count
 E = Vault monster count
 F = Vault count percentage of total count
                 A         B        C        D         E       F
            +---------+---------+-------+---------+---------+-------
      Total |   12262 |    7653 |  38.4 |     221 |      74 |  25.1
            +---------+---------+-------+---------+---------+-------
        D:1 |      44 |       0 |   0.0 |      28 |       0 |   0.0
        D:2 |      28 |       5 |  15.2 |      14 |       3 |  17.6
        D:3 |     141 |      44 |  23.8 |      26 |      11 |  29.7
        D:4 |     591 |       0 |   0.0 |      14 |       0 |   0.0
        D:5 |     599 |     469 |  43.9 |      26 |       6 |  18.8
        D:6 |     951 |     904 |  48.7 |      18 |       2 |  10.0
        D:7 |    1449 |     170 |  10.5 |      20 |       2 |   9.1
        D:8 |    1591 |     977 |  38.0 |      24 |       5 |  17.2
        D:9 |    1628 |    1578 |  49.2 |      20 |       3 |  13.0
       D:10 |    1834 |    3446 |  65.3 |      17 |      40 |  70.2
       D:11 |     202 |       0 |   0.0 |       1 |       0 |   0.0
     Lair:1 |    3204 |      60 |   1.8 |      13 |       2 |  13.3
            +---------+---------+-------+---------+---------+-------

Illustrated notes

Table legend:
 A = Kills in this place as a percentage of kills in entire the game.
 B = Kills by you in this place as a percentage of kills by you in the entire game.
 C = Kills by friends in this place as a percentage of kills by friends in the entire game.
 D = Other kills in this place as a percentage of other kills in the entire game.
 E = Experience gained in this place as a percentage of experience gained in the entire game.
 F = Experience gained in this place divided by the number of levels of this place that you have seen.
                   A       B       C       D       E      F
               +-------+-------+-------+-------+-------+----------------------
         Total | 100.0 | 100.0 |   N/A |   N/A | 100.0 | 1531.9
       Dungeon |  94.9 |  94.9 |   N/A |   N/A |  83.6 | 1513.7
          Lair |   5.1 |   5.1 |   N/A |   N/A |  16.4 | 3264.0
               +-------+-------+-------+-------+-------+----------------------

Table legend: (Time is in decaauts)
 A = Elapsed time spent in this place.
 B = Non-inter-level travel time spent in this place.
 C = Inter-level travel time spent in this place.
 D = Time resting spent in this place.
 E = Time spent auto-exploring this place.
 F = Levels seen in this place.
 G = Mean time per level.
                   A        B        C        D        E       F      G
               +--------+--------+--------+--------+--------+-----+--------+
         Total |  22402 |  21835 |    567 |  11099 |   6127 |  13 | 1723.2 |
       Dungeon |  20446 |  19927 |    519 |   9740 |   5894 |  11 | 1858.7 |
        Temple |    230 |    183 |     47 |      0 |    163 |   1 |  230.0 |
          Lair |   1725 |   1725 |      0 |   1359 |     70 |   1 | 1725.0 |
               +--------+--------+--------+--------+--------+-----+--------+

Top non-repeatable levels by time:
    D:10: 3875 daAuts
     D:7: 2560 daAuts
     D:9: 2540 daAuts
     D:5: 2376 daAuts
     D:8: 1980 daAuts
     D:2: 1810 daAuts
     D:1: 1808 daAuts
  Lair:1: 1725 daAuts
     D:3: 1469 daAuts
     D:4: 1051 daAuts
     D:6: 954 daAuts
  Temple: 230 daAuts
    D:11: 17 daAuts
